 Dungeon Crawl Stone Soup version 0.19-a0-714-g149a522 (webtiles) character file.

105 TheGoonsmith the Digger (level 4, -4/24 HPs)
             Began as a Gargoyle Earth Elementalist on June 20, 2016.
             Slain by a big kobold
             ... wielding a +0 dagger
              (5 damage)
             ... in a sewer.
             The game lasted 00:07:21 (2504 turns).

TheGoonsmith the Digger (GrEE)                      Turns: 2504, Time: 00:07:21

Health: -4/24      AC:  5    Str: 12    XL:     4   Next: 81%
Magic:  1/8        EV: 12    Int: 16    God:
Gold:   90         SH:  0    Dex: 10    Spells: 2 memorised, 5 levels left

rFire  + . .     SeeInvis .     g - -1 club
rCold  + . .     Gourm    .     c - +0 robe
rNeg   + . .     Faith    .     (no shield)
rPois  ∞         Spirit   .     (no helmet)
rElec  +         Dismiss  .     (no cloak)
rCorr  +         Reflect  .     (no gloves)
SustAt .         Harm     .     (no boots)
MR     .....                    (no amulet)
Stlth  ++........               (no ring)
                                (no ring)

@: resistant, not resistant to hostile enchantments, unstealthy
A: negative energy resistance 1, electricity resistance, unbreathing,
petrification resistance, rot immunity, AC +3
a: no special abilities


You were in a sewer.
You were not hungry.

You visited 1 branch of the dungeon, and saw 3 of its levels.
You also visited: Sewer.

You collected 90 gold pieces.

Inventory:

Hand Weapons
 g - a -1 club (weapon)
Missiles
 b - 85 stones (quivered)
Armour
 c - a +0 robe (worn)
Scrolls
 a - a scroll of remove curse
 i - a scroll of fog {unknown}
 j - a scroll of enchant armour {unknown}
 m - a scroll of teleportation {unknown}
 q - a scroll of immolation {unknown}
 s - a scroll of noise {unknown}
 u - 2 scrolls of identify {unknown}
 v - a scroll of enchant weapon {unknown}
Potions
 f - a potion of cure mutation
 l - a potion of resistance
 n - 3 potions of degeneration {unknown}
 p - a potion of agility {unknown}
 r - a potion of curing {unknown}
Books
 e - a book of Geomancy

   Spells                             Type                      Level
   a - Sandblast                      Earth                        1
   b - Passwall                       Transmutation/Earth          2
   c - Stone Arrow                    Conjuration/Earth            3
   d - Petrify                        Transmutation/Earth          4
   e - Lee's Rapid Deconstruction     Earth                        5
 t - a book of Cantrips

   Spells                             Type                      Level
   a - Corona                         Hexes                        1
   b - Animate Skeleton               Necromancy                   1
   c - Summon Small Mammal            Summoning                    1
   d - Apportation                    Translocation                1
Comestibles
 d - 2 bread rations
 h - 2 meat rations
 k - a beef jerky
 o - 5 fruits
 w - a chunk of flesh


   Skills:
 - Level 1.5 Dodging
 - Level 2.1 Stealth
 + Level 3.0 Spellcasting
 * Level 2.2 Conjurations
   Level 0.7 Transmutations
 * Level 4.9 Earth Magic


You had 5 spell levels left.
You knew the following spells:

 Your Spells              Type           Power        Failure   Level  Hunger
a - Sandblast             Erth           ###...       2%          1    #......
x - Stone Arrow           Conj/Erth      ##....       14%         3    ###....


Dungeon Overview and Level Annotations

Branches:
Dungeon (3/15)

Altars:
Ashenzari
Fedhas

Annotations:
D:3 masteer5's ghost, amateur DrWn


Innate Abilities, Weirdness & Mutations

You are resistant to torment.
Your stone body is resilient. (AC +3)
You are immune to poison.
You resist negative energy. (rN+)
You are resistant to electric shocks. (rElec)
You can survive without breathing.
You are immune to petrification.
You are immune to rotting.


Message History

The kobold hits you but does no damage. The big kobold closely misses you.
The kobold hits you but does no damage.
You hit the big kobold but do no damage.
The big kobold is moderately wounded.
The kobold hits you but does no damage. The big kobold hits you with a dagger.
The kobold hits you but does no damage. The kobold barely misses you.
The big kobold hits you with a dagger.
* * * LOW HITPOINT WARNING * * *
The kobold hits you with a dagger.
* * * LOW HITPOINT WARNING * * *
The kobold throws a stone.
The stone barely misses you.
The kobold throws a stone.
The stone hits you.
* * * LOW HITPOINT WARNING * * *
You see here a stone.
The kobold throws a stone.
The stone misses you.
It was a potion of cure mutation.
It has a very clean taste.
It was a potion of resistance.
You feel protected. The big kobold hits you with a dagger.
You die...

#.....#
#.....##
.P≈≈≈≈#......#
≈≈≈≈≈≈#......#
≈≈≈≈≈#.....(#
#≈≈≈#......#
#≈≈≈#≈≈....#
#≈≈≈#≈≈.@.#
#≈≈≈≈≈PPK(##
#≈≈≈≈≈≈.K..#
#≈≈≈#PK..###
#≈≈≈#...P#
#≈≈≈##')##
#≈≈≈#!...#
#≈≈≈#...?#
#≈≈≈#.∩..#


You could see a big kobold and 2 kobolds.

Vanquished Creatures
  3 adders (D:2)
  An ooze (D:1)
  2 worms (D:2)
  3 dart slugs
  6 giant cockroaches
  12 goblins
  5 hobgoblins
  10 bats
  A giant newt (D:2)
  7 kobolds
  11 rats
61 creatures vanquished.

Notes
Turn   | Place    | Note
--------------------------------------------------------------
     0 | D:1      | TheGoonsmith the Gargoyle Earth Elementalist began the quest for the Orb.
     0 | D:1      | Reached XP level 1. HP: 10/10 MP: 3/3
    86 | D:1      | Reached skill level 4 in Earth Magic
   182 | D:1      | Reached XP level 2. HP: 11/15 MP: 0/5
   967 | D:1      | Reached XP level 3. HP: 19/19 MP: 4/6
   972 | D:1      | Learned a level 3 spell: Stone Arrow
  1342 | D:2      | Upgraded the game from 0.19-a0-712-g899c6ed to 0.19-a0-714-g149a522
  1408 | D:2      | Found a blossoming altar of Fedhas.
  1434 | D:2      | Reached skill level 1 in Conjurations
  1509 | D:2      | Reached XP level 4. HP: 24/24 MP: 5/8
  2102 | D:3      | Noticed masteer5's ghost (amateur DrWn)
  2154 | D:3      | Found a shattered altar of Ashenzari.
  2460 | D:3      | Found a glowing drain.
  2464 | Sewer    | Entered a sewer
  2483 | Sewer    | Noticed a big kobold
  2501 | Sewer    | HP: 1/24 [kobold/stone (3)]
  2504 | Sewer    | Slain by a big kobold

Vault maps used:
D:1:      roderic_crossed_star
D:2:      fedhas_altar_2
D:3:      lemuel_zombie_altar_yredelemnul, evilmike_ruin_ashenzari, minitemple,
          gup_sewer_entry_spiral
Sewer:    kennysheep_pipe_town

Skill      XL: |  1  2  3  4 |
---------------+-------------+-----
Earth Magic    | 4 |  4.9
Conjurations   | 1 2 |  2.2
Spellcasting   | 3 |  3.0
Dodging        | |  1.5
Stealth        | |  2.1
Transmutations | |  0.7

Action                   |  1- 3 |  4- 6 || total
-------------------------+-------+-------++-------
Melee: Unarmed           |    14 |       ||    14
       Club              |     5 |    20 ||    25
 Cast: Sandblast         |    44 |    78 ||   122
  Use: Potion            |       |     2 ||     2
       Scroll            |       |     1 ||     1
  Eat: Chunk             |     2 |     4 ||     6
Armor: Robe              |    13 |    38 ||    51
Dodge: Dodged            |    19 |    49 ||    68
